cohdb
Replays
Latest Replays
All Replays
Popular Replays
Top Player Replays
Match Explorer
How It Works
Community
CoH3 Stats
Reddit
Sign in to upload your games and track your stats! →
Sign in with Steam
Match 41840240
Unlisted
Match 41840240
Overview
Messages
Build Orders
End
Scout Squad
Scout Squad
Construct Weapon Support Center
Selects Airborne Battlegroup
M1919 Machine Gun Team
M1919 Machine Gun Team
Selects Pathfinders
Construct Medical Station
Selects Paratrooper Squad Paradrop
Paratrooper Squad Paradrop
Infantry Support Center
Paratrooper Squad Paradrop
Selects Recon Loiter
Construct Motor Pool
M8 Greyhound Armored Car
M1 Anti-tank Gun Team
Recon Loiter
Selects Paradrop Reinforcements
Engineer Squad
Paratrooper Squad Paradrop
Paradrop Reinforcements
Selects Dual P-47 Rocket Strike
Paratrooper Squad Paradrop
Selects Anti-tank Gun Team Paradrop
Recon Loiter
Dual P-47 Rocket Strike
Construct Tank Depot
Recon Loiter
Dual P-47 Rocket Strike
M4A1 Sherman Medium Tank
M4A1 Sherman Medium Tank
M4A1 Sherman Medium Tank
Dual P-47 Rocket Strike
Engineer Squad
Paradrop Reinforcements
سَۨفُـيٰانۨوٰس
mohamedkerdaoui
Hulle
kimdjensen
0
0
Comments
sign in to comment!
No comments posted yet!